 Dungeon Sprint DCSS version 0.21-a0-538-gd16b88a (webtiles) character file.

8820 Ghella the Imperceptible (level 11, -13/45 HPs)
             Began as a Spriggan Enchanter on Dec 15, 2017.
             Was a High Priest of Dithmenos.
             Killed by an exploding ballistomycete spore (23 damage)
             ... in the Dungeon (Sprint I: "Red Sonja").
             The game lasted 00:11:07 (1905 turns).

Ghella the Imperceptible (Spriggan Enchanter)       Turns: 1905, Time: 00:11:08

Health: -13/45     AC:  2    Str:  0    XL:     11   Next: 14%
Magic:  20/20      EV: 24    Int: 15    God:    Dithmenos [*****.]
Gold:   461        SH:  0    Dex: 20    Spells: 29/35 levels left

rFire    x . .     SeeInvis +   m - +0 dagger (elec)
rCold    + . .     Gourm    .   (shield restricted)
rNeg     . . .     Faith    .   w - +1 robe of Zuziy {MR+} (curse)
rPois    .         Spirit   .   (helmet restricted)
rElec    .         Reflect  .   (no cloak)
rCorr    .         Harm     .   (gloves unavailable)
MR       ++...     NoTele   +   (boots unavailable)
Stlth    +++++.....             (no amulet)
HPRegen  0.03/turn              l - +2 ring of dexterity
MPRegen  0.17/turn              o - ring of ice

@: confused, slowed, lost strength, wreathed by umbra, quick
A: very small, unfitting armour, see invisible, clumsy 1, deformed body,
deterioration 2, dopey 1, herbivore 3, speed 3, frail 1, low mp 3, screaming 3,
slow metabolism 2, weak 2, no potion heal 1, subdued magic 2, MP-powered wands
a: Shadow Step, Shadow Form, Renounce Religion


You were in the Dungeon.
You worshipped Dithmenos.
Dithmenos was extremely pleased with you.
You were not hungry.

You visited 1 branch You collected 848 gold pieces.
You spent 387 gold pieces at shops.

Inventory:

Hand Weapons
 a - a +1 dagger
 m - a +0 dagger of electrocution (weapon)
 t - a +0 blowgun
 u - a +2 dagger of venom
Missiles
 v - 5 curare-tipped needles
Armour
 b - a +0 robe
 w - the cursed +1 robe of Zuziy (worn) {MR+}
   (You bought it in a shop in the Dungeon)

   It affects your resistance to hostile enchantments.
   It has a curse placed upon it.
Jewellery
 l - a +2 ring of dexterity (left hand)
 o - a ring of ice (right hand)
Wands
 k - a wand of polymorph (4)
 s - a wand of digging (12)
Scrolls
 j - 2 scrolls of blinking
 q - 2 scrolls of identify
Potions
 e - a potion of curing
 f - 2 potions of heal wounds
 g - a potion of haste
 h - 2 potions of magic
 i - a potion of berserk rage
 n - a potion of mutation {unknown}
 r - a potion of lignification {unknown}
Books
 c - a book of Maledictions

   Spells                             Type                      Level
   a - Corona                         Hexes                        1
   b - Ensorcelled Hibernation        Hexes/Ice                    2
   c - Confuse                        Hexes                        3
   d - Tukima's Dance                 Hexes                        3
   e - Dazzling Spray                 Conjuration/Hexes            3
Comestibles
 d - a bread ration
 p - a fruit


   Skills:
 + Level 2.6 Fighting
 + Level 7.1 Short Blades
 + Level 7.6 Dodging
 * Level 26.2 Stealth
 + Level 2.0 Unarmed Combat
 + Level 12.6 Spellcasting
 + Level 13.3 Hexes
 + Level 5.9 Ice Magic
 + Level 1.6 Invocations


You had 29 spell levels left.
You knew the following spells:

 Your Spells              Type           Power        Failure   Level  Hunger
a - Corona                Hex            ####...      0%          1    None
b - Ensorcelled Hibernat  Hex/Ice        #####.       1%          2    None
c - Confuse               Hex            ####....     1%          3    None


Dungeon Overview and Level Annotations

Branches:
Dungeon (1/1)

Altars:
Cheibriados
Dithmenos
Elyvilon
Fedhas
Gozag
Hepliaklqana
Kikubaaqudgha
Makhleb
Nemelex Xobeh
Okawaru
Qazlal
Ru
Sif Muna
Trog
Uskayaw
Vehumet
Wu Jian
Xom
Yredelemnul
Zin
The Shining One
Jiyva
Lugonu

Shops:
D *([=*([


Innate Abilities, Weirdness & Mutations

You are very small and have problems with some larger weapons.
You are too small for most types of armour.
You have supernaturally acute eyesight. (SInv)
You are a herbivore.
You cover ground extremely quickly.
You need consume almost no food.
You are clumsy. (Dex -2)
Armour fits poorly on your strangely shaped body.
Your body often deteriorates upon taking damage.
You are dopey. (Int -2)
You are frail. (-10% HP)
Your magical capacity is extremely low. (-30% MP)
You frequently scream uncontrollably at your foes.
You are very weak. (Str -4)
Potions are less effective at restoring your health.
Your spells are easier to cast, but less powerful.
You expend magic power (3 MP) to strengthen your wands.


Message History

There is an open door here.
There is an open door here.
There is an open door here.
You open the door. 2 ballistomycete spores come into view.
You scream at the ballistomycete spore!
The ballistomycete spore waves its rhizomes.
The ballistomycete spore explodes!
A fungus suddenly grows.
The explosion of spores engulfs you!
You are confused.
Ouch! That really hurt!
* * * LOW HITPOINT WARNING * * *
You emit a cloud of dark smoke.
The explosion of spores engulfs the ballistomycete spore.
The ballistomycete spore explodes!
The explosion of spores engulfs the ballistomycete.
A fungus suddenly grows.
The explosion of spores engulfs you!
You are more confused.
Ouch! That really hurt!
You die...

#..#__####..##.#§§≈.)#..#
+##
#..#_____##'#_.'§≈≈§.'.§#
#⌠⌠#_.∩..÷'..._#§≈§§)#..#
####_..__##_.#'##'#####'###
#_____###+#(#%..)###.'.#
############.####'###.###.#
#∩........'...'.....'.∩##.#
###''''####§§§###########§#
#.......####@###......§##§#
#........# #P# #......§§§§#
#..#.....# !$! #+++######§#
#........#$?P$$ #.#
#.....#..####### +§#
#........# ### #..#.....#
#........# ###''''###


There were no monsters in sight!

Vanquished Creatures
  2 centaur warriors (D)
  Sonja (D)
  2 unseen horrors (D)
  A deep troll (D)
  8 shining eyes (D)
  An oklob plant (D)
  2 kobold demonologists (D)
  A hornet (D)
  A slime creature (D)
  Sigmund (D)
  2 redbacks (D)
  A yak (D)
  5 floating eyes (D)
  An ogre (D)
  A jelly (D)
  Ijyb (D)
31 creatures vanquished.

Vanquished Creatures (others)
  A gargoyle (D)
  2 hornets (D)
3 creatures vanquished.

Grand Total: 34 creatures vanquished

Notes
Turn   | Place    | Note
-------+----------+-------------------------------------------
     0 | D        | Ghella the Spriggan Enchanter began the quest for the Orb.
     0 | D        | Reached XP level 1. HP: 9/9 MP: 5/5
     7 | D        | Noticed Ijyb
    15 | D        | Killed Ijyb
    15 | D        | Reached skill level 7 in Stealth
    15 | D        | Reached skill level 5 in Hexes
    15 | D        | Reached XP level 2. HP: 13/13 MP: 7/7
   133 | D        | Noticed an ogre
   136 | D        | Killed an ogre
   136 | D        | Reached skill level 11 in Stealth
   136 | D        | Reached XP level 3. HP: 16/16 MP: 7/9
   136 | D        | Reached XP level 4. HP: 21/21 MP: 8/11
   140 | D        | Learned a level 2 spell: Ensorcelled Hibernation
   144 | D        | Learned a level 3 spell: Confuse
   170 | D        | Noticed Sigmund
   213 | D        | Killed Sigmund
   213 | D        | Reached skill level 5 in Dodging
   213 | D        | Reached skill level 13 in Stealth
   213 | D        | Reached skill level 5 in Spellcasting
   213 | D        | Reached XP level 5. HP: 17/24 MP: 4/14
   213 | D        | Reached XP level 6. HP: 20/28 MP: 4/15
   299 | D        | Killed a hornet
   314 | D        | Found an ornate altar of the Wu Jian Council.
   314 | D        | Found a deep blue altar of Sif Muna.
   318 | D        | Found a burning altar of Makhleb.
   318 | D        | Found a viscous altar of Jiyva.
   318 | D        | Found a shimmering altar of Xom.
   318 | D        | Found a corrupted altar of Lugonu.
   318 | D        | Noticed a slime creature
   322 | D        | Found a radiant altar of Vehumet.
   326 | D        | Reached skill level 14 in Stealth
   326 | D        | Reached skill level 1 in Unarmed Combat
   348 | D        | Killed a gargoyle
   357 | D        | Found Buoteb's Jewellery Emporium.
   357 | D        | Found an ancient bone altar of Kikubaaqudgha.
   357 | D        | Found a hazy altar of Hepliaklqana.
   357 | D        | Found a stormy altar of Qazlal.
   357 | D        | Found a hide-covered altar of Uskayaw.
   357 | D        | Found a blossoming altar of Fedhas.
   357 | D        | Found a bloodstained altar of Trog.
   357 | D        | Found an iron altar of Okawaru.
   357 | D        | Found a basalt altar of Yredelemnul.
   357 | D        | Found a glowing golden altar of the Shining One.
   357 | D        | Found a snail-covered altar of Cheibriados.
   357 | D        | Found a sacrificial altar of Ru.
   357 | D        | Found a glowing silver altar of Zin.
   357 | D        | Found a shadowy altar of Dithmenos.
   357 | D        | Found a white marble altar of Elyvilon.
   357 | D        | Noticed a yak
   358 | D        | Found an opulent altar of Gozag.
   359 | D        | Killed a yak
   359 | D        | Reached skill level 15 in Stealth
   360 | D        | Found a sparkling altar of Nemelex Xobeh.
   370 | D        | Became a worshipper of Dithmenos the Shadowed
   373 | D        | Bought a +2 ring of dexterity for 75 gold pieces
   377 | D        | Killed a hornet
   397 | D        | Killed a slime creature
   397 | D        | Reached skill level 1 in Fighting
   397 | D        | Reached skill level 16 in Stealth
   397 | D        | Reached XP level 7. HP: 33/33 MP: 10/18
   556 | D        | Noticed a kobold demonologist
   557 | D        | Noticed a kobold demonologist
   560 | D        | Noticed a neqoxec
   561 | D        | Killed a kobold demonologist
   561 | D        | Reached skill level 17 in Stealth
   561 | D        | Reached skill level 10 in Hexes
   565 | D        | Paralysed by a floating eye for 2 turns
   567 | D        | Killed a kobold demonologist
   567 | D        | Reached * piety under Dithmenos
   567 | D        | Reached skill level 18 in Stealth
   567 | D        | Reached skill level 1 in Ice Magic
   567 | D        | Reached XP level 8. HP: 37/37 MP: 12/21
   651 | D        | Noticed Sonja
   664 | D        | Noticed a centaur warrior
   665 | D        | Noticed a centaur warrior
   670 | D        | Killed a centaur warrior
   670 | D        | Reached skill level 5 in Short Blades
   670 | D        | Reached skill level 20 in Stealth
   671 | D        | Killed a centaur warrior
   671 | D        | Reached ** piety under Dithmenos
   671 | D        | Reached skill level 21 in Stealth
   671 | D        | Reached XP level 9. HP: 42/42 MP: 21/23
   684 | D        | Reached skill level 10 in Spellcasting
   697 | D        | Noticed an oklob plant
   699 | D        | Killed an oklob plant
   699 | D        | Reached skill level 22 in Stealth
   715 | D        | Reached *** piety under Dithmenos
   764 | D        | Noticed a demonic crawler
   764 | D        | Noticed a demonic crawler
   764 | D        | Noticed a demonic crawler
   764 | D        | Noticed a demonic crawler
   801 | D        | Noticed an unseen horror
   802 | D        | Noticed an unseen horror
   815 | D        | Killed an unseen horror
   815 | D        | Reached skill level 23 in Stealth
   815 | D        | Reached XP level 10. HP: 30/46 MP: 20/25
   818 | D        | Killed an unseen horror
  1170 | D        | Noticed a deep troll
  1172 | D        | Killed a deep troll
  1172 | D        | Reached skill level 24 in Stealth
  1184 | D        | Found Houcuafa's Armour Emporium.
  1200 | D        | Killed Sonja
  1219 | D        | Found Geuwk's Assorted Antiques.
  1229 | D        | Noticed a shining eye
  1229 | D        | Noticed a shining eye
  1229 | D        | Noticed a shining eye
  1229 | D        | Noticed a shining eye
  1229 | D        | Noticed a shining eye
  1229 | D        | Noticed a shining eye
  1231 | D        | Reached **** piety under Dithmenos
  1232 | D        | Gained mutation: You possess an exceptional clarity of mind. [a shining eye]
  1252 | D        | Gained mutation: You expend magic power (3 MP) to strengthen your wands. [a shining eye]
  1259 | D        | Gained mutation: You are frail. (-10% HP) [a shining eye]
  1279 | D        | Killed a shining eye
  1415 | D        | Noticed a shining eye
  1415 | D        | Noticed a shining eye
  1418 | D        | Killed a shining eye
  1418 | D        | Reached skill level 25 in Stealth
  1418 | D        | Reached skill level 5 in Ice Magic
  1418 | D        | Paralysed by a floating eye for 4 turns
  1428 | D        | Paralysed by a floating eye for 4 turns
  1438 | D        | Gained mutation: Your body sometimes deteriorates upon taking damage. [a shining eye]
  1440 | D        | Gained mutation: You are weak. (Str -2) [a shining eye]
  1445 | D        | Gained mutation: Your body often deteriorates upon taking damage. [a shining eye]
  1455 | D        | Lost mutation: You possess an exceptional clarity of mind. [a shining eye]
  1456 | D        | Killed a shining eye
  1456 | D        | Lost strength.
  1456 | D        | Gained mutation: You are very weak. (Str -4) [a shining eye]
  1458 | D        | Gained mutation: You occasionally shout uncontrollably at your foes. [a shining eye]
  1461 | D        | Gained mutation: Potions are less effective at restoring your health. [a shining eye]
  1468 | D        | Gained mutation: Armour fits poorly on your strangely shaped body. [a shining eye]
  1470 | D        | Killed a shining eye
  1470 | D        | Reached skill level 1 in Invocations
  1476 | D        | Gained mutation: You are clumsy. (Dex -2) [a shining eye]
  1477 | D        | Killed a shining eye
  1777 | D        | Gained mutation: Your spells are a little easier to cast, but a little less powerful. [a shining eye]
  1781 | D        | Killed a shining eye
  1781 | D        | Reached XP level 11. HP: 45/45 MP: 23/28
  1781 | D        | Gained mutation: Your spells are easier to cast, but less powerful. [a shining eye]
  1783 | D        | Paralysed by a floating eye for 2 turns
  1787 | D        | Gained mutation: Your magical capacity is low. (-10% MP) [a shining eye]
  1795 | D        | Gained mutation: Your magical capacity is very low. (-20% MP) [a shining eye]
  1805 | D        | Gained mutation: You sometimes yell uncontrollably at your foes. [a shining eye]
  1807 | D        | Gained mutation: Your magical capacity is extremely low. (-30% MP) [a shining eye]
  1809 | D        | Gained mutation: You are dopey. (Int -2) [a shining eye]
  1810 | D        | Killed a shining eye
  1810 | D        | Reached ***** piety under Dithmenos
  1810 | D        | Reached skill level 26 in Stealth
  1813 | D        | Gained mutation: You frequently scream uncontrollably at your foes. [a shining eye]
  1820 | D        | Killed a shining eye
  1836 | D        | Found Xuzo's Antique Weapon Shoppe.
  1836 | D        | Found Geozxan's General Store.
  1836 | D        | Found Rymmiak's Antique Armour Emporium.
  1836 | D        | Found Cevyfonk's Antique Weapon Boutique.
  1843 | D        | Bought a tattered robe for 153 gold pieces
  1853 | D        | Identified the cursed +1 robe of Zuziy {MR+} (You bought it in a shop in the Dungeon)
  1862 | D        | Bought a scroll of blinking for 82 gold pieces
  1862 | D        | Bought a scroll of identify for 22 gold pieces
  1862 | D        | Bought a potion of heal wounds for 55 gold pieces
  1905 | D        | Killed by an exploding ballistomycete spore

Vault maps used:
D:        dungeon_sprint_1

Skill      XL: |  1  2  3  4  5  6  7  8  9 10 11 |
---------------+----------------------------------+-----
Stealth        | 7 11 13 16 18 21 23 25 26 | 26.2
Spellcasting   | 3 4 5 7 8 9 10 12 | 12.6
Hexes          | 5 6 8 9 10 11 12 13 | 13.3
Dodging        | 4 5 6 7 |  7.6
Short Blades   | 2 3 4 5 6 7 |  7.1
Unarmed Combat | 1 2 |  2.0
Fighting       | 1 2 |  2.6
Ice Magic      | 1 3 5 |  5.9
Invocations    | 1 |  1.6

Action                   |  1- 3 |  4- 6 |  7- 9 | 10-12 || total
-------------------------+-------+-------+-------+-------++-------
Melee: Dagger            |     5 |    10 |    12 |    68 ||    95
       Unarmed           |     3 |       |       |       ||     3
       Punch             |       |       |       |     1 ||     1
 Cast: Confuse           |       |     3 |       |     1 ||     4
       Ensorcelled Hiber |       |     4 |     8 |    17 ||    29
Invok: Shadow Step       |       |       |     1 |     4 ||     5
 Stab: Sleeping          |     2 |     3 |    10 |     8 ||    23
       Confused          |       |     2 |       |       ||     2
Armor: Robe              |     1 |       |     1 |       ||     2
Dodge: Dodged            |     2 |     3 |    10 |     2 ||    17

Table legend:
 A = Spawn XP
 B = Non-spawn XP
 C = Spawn XP percentage of total XP
 D = Spawn monster count
 E = Non-spawn monster count
 F = Spawn count percentage of total count
 G = Total turns spent on level
                    A         B        C        D         E        F      G
               +---------+---------+-------+---------+---------+-------+---------
         Total |       0 |   12601 |   0.0 |       0 |      31 |   0.0 |  1905
               +---------+---------+-------+---------+---------+-------+---------
             D |       0 |   12601 |   0.0 |       0 |      31 |   0.0 |  1905
               +---------+---------+-------+---------+---------+-------+---------
